 Dungeon Crawl Stone Soup version 0.15-a0-1004-gbf4e2e6 (console) character file.

1980 Kellhus the Conjurer (level 9, 41/57 HPs)
             Began as a Demonspawn Wizard on May 25, 2014.
             Was a Believer of Vehumet.
             Quit the game on Level 7 of the Dungeon.
             The game lasted 00:19:42 (9358 turns).

Kellhus the Conjurer (Demonspawn Wizard)            Turns: 9358, Time: 00:19:42

HP  41/57        AC 10     Str  8      XL: 9   Next:  1%
MP  18/24        EV 11     Int 22      God: Vehumet [**....]
Gold 328         SH  8     Dex 12      Spells:  3 memorised, 15 levels left

rFire  + + .     SeeInvis .     a - +0,+2 dagger (elec)
rCold  . . .     Clarity  .     x - +2 robe {rF+}
rNeg   . . .     Conserve .     F - +1 buckler {rF+}
rPois  .         rCorr    .     b - +0 hat
rElec  .         rRot     .     (no cloak)
SustAb .         Spirit   .     (no gloves)
rMut   .         Warding  .     (no boots)
Gourm  .         Stasis   .     (no amulet)
MR     +....                    J - +6 ring of protection
                                o - ring of protection from magic

@: somewhat resistant to hostile enchantments, unstealthy
A: antennae 1, demonic guardian 1, powered by pain 2
a: Renounce Religion


You were on level 7 of the Dungeon.
You worshipped Vehumet.
Vehumet was pleased with you.
You were hungry.

You visited 2 branches of the dungeon, and saw 8 of its levels.
You also visited: Ossuary.

You collected 620 gold pieces.
You spent 292 gold pieces at shops.

Inventory:

Hand weapons
 a - a +0,+2 dagger of electrocution (weapon)
 B - a -3,+0 whip
 E - a +2,+1 spear of distortion
Armour
 b - a +0 hat (worn)
 x - a +2 robe of fire resistance (worn)
 F - a +1 buckler of fire resistance (worn)
 H - the +0 robe "Ghitoha" {rElec rF++ MR+ Curse}
   (You bought it in a shop on level 4 of the Dungeon)

   It greatly protects you from fire.
   It insulates you from electricity.
   It affects your resistance to hostile enchantments.
   It may recurse itself when equipped.
Magical devices
 s - a wand of enslavement (20) {unknown}
Comestibles
 d - 3 bread rations
 C - a slice of pizza
 L - a meat ration
 N - 3 chunks of orc flesh
Scrolls
 e - 4 scrolls of amnesia {unknown}
 g - 2 scrolls of noise {unknown}
 h - 5 scrolls of teleportation {unknown}
 l - 6 scrolls of identify {unknown}
 m - 3 scrolls of enchant armour {unknown}
 n - 2 scrolls of magic mapping {unknown}
 p - 6 scrolls of remove curse
 t - a scroll of fear {unknown}
 u - 2 scrolls of recharging {unknown}
 w - 3 scrolls of fog {unknown}
 y - 2 scrolls of immolation {unknown}
 K - 2 scrolls of enchant weapon I {unknown}
Jewellery
 k - an uncursed ring of invisibility
 o - a ring of protection from magic (left hand)
 J - a +6 ring of protection (right hand)
Potions
 f - 11 potions of heal wounds {unknown}
 i - 2 potions of brilliance {unknown}
 j - 3 potions of flight {unknown}
 q - a potion of resistance {unknown}
 r - 2 potions of agility
 v - 2 potions of poison {unknown}
 z - 6 potions of curing {unknown}
 A - 4 potions of might {unknown}
 D - a potion of haste {unknown}
 G - a potion of porridge
 I - a potion of paralysis {unknown}
Books
 c - a book of Minor Magic

   Spells                             Type                      Level
   *Magic Dart                        Conjuration                  1
   Blink                              Translocation                2
   Call Imp                           Summoning                    2
   Repel Missiles                     Charms/Air                   2
   Slow                               Hexes                        2
   *Conjure Flame                     Conjuration/Fire             3
   *Mephitic Cloud                    Conjuration/Poison/Air       3


   Skills:
 - Level 1.7 Dodging
 - Level 1.7 Stealth
 - Level 1.0 Shields
 + Level 7.0 Spellcasting
 - Level 9.4 Conjurations
   Level 1.0 Summonings
   Level 0.8 Translocations


You had 15 spell levels left.
You knew the following spells:

 Your Spells              Type           Power        Failure   Level  Hunger
a - Magic Dart            Conj           ####         1%          1    None
b - Conjure Flame         Conj/Fire      ####....     4%          3    #......
c - Mephitic Cloud        Conj/Pois/Air  ###.....     10%         3    #......


Dungeon Overview and Level Annotations

Branches:
Dungeon (7/15)             Temple (1/1) D:4

Altars:
Ashenzari
Cheibriados
Dithmenos
Elyvilon
Fedhas
Gozag
Kikubaaqudgha
Nemelex Xobeh
Okawaru
Qazlal
Sif Muna
Vehumet
Xom
Yredelemnul
Zin
The Shining One

Shops:
D:4 [

Annotations:
D:1 Terence
D:6 chei's ghost, experienced OpMo


Innate Abilities, Weirdness & Mutations

You have a pair of small antennae on your head.
A weak demonic guardian rushes to your aid.
You sometimes gain power by taking damage.


Message History

The puff of flame misses you.
You completely miss something. The orc closely misses you.
Something hits you but does no damage.
You closely miss something. You block the orc's attack.
Something hits you but does no damage.
You barely miss something. You block the orc's attack.
You hear some strange, mumbled words.
The puff of flame hits you! You resist.
You barely miss something. Something hits you but does no damage.
You hit something.
There is a sudden explosion of sparks!
Vehumet accepts your kill.
Reactivating autopickup.
Your Spellcasting skill increases to level 7!
You have reached level 9!
Your experience leads to an increase in your attributes!
Increase (S)trength, (I)ntelligence, or (D)exterity?
You feel clever.
Your demonic ancestry asserts itself...
You feel the presence of a demonic guardian.
You feel a bit more experienced. The orc hits you with a flail!
Are you sure you want to abandon this character and quit the game? (Confirm with "yes".)

#######.####...# # #.#..'...#
# #.#..#...# #
#.'..#...############
#.#..#...............
#)#..#...............
#########.#..#...............
..........####..#########....
.......)...)@...# #.###
...#########o...# #.#..
#....# #.#.. #....# +.#..
#....# #.#.. #.!..# #.#..
#!...# #.+..
#....#########.#..
...............###


You could see an orc.

Vanquished Creatures
  An orc warrior (D:6)
  2 sky beasts
  A phantom (D:6)
  A centaur (D:6)
  3 ogres
  A big kobold (D:5)
  A giant frog (D:6)
  3 wights
  4 jellies
  2 crimson imps
  A giant frog zombie (D:6)
  2 hounds
  3 worker ants
  An iguana (D:4)
  5 orc wizards
  3 orc priests
  A big kobold zombie (Ossuary)
  An ogre skeleton (D:4)
  A hound zombie (D:7)
  9 mummies
  3 gnolls (D:4)
  6 adders
  A scorpion zombie (D:6)
  A worm zombie (D:5)
  3 worms
  An iguana skeleton (D:4)
  3 giant geckos
  2 oozes (D:4)
  18 orcs
  17 bats
  4 giant cockroaches
  3 gnoll zombies (Ossuary)
  10 hobgoblins
  4 quokkas
  5 giant newts
  13 goblins
  2 hobgoblin zombies (Ossuary)
  15 kobolds
  A kobold skeleton (D:4)
  3 kobold zombies
  An orc zombie (Ossuary)
  18 rats
  A rat skeleton (D:5)
  A rat zombie (D:6)
182 creatures vanquished.

Vanquished Creatures (others)
  An adder (D:4)
  An orc (D:4)
  A kobold (D:6)
3 creatures vanquished.

Grand Total: 185 creatures vanquished

Notes
Turn   | Place    | Note
--------------------------------------------------------------
     0 | D:1      | Kellhus, the Demonspawn Wizard, began the quest for the Orb.
     0 | D:1      | Reached XP level 1. HP: 13/13 MP: 4/4
   383 | D:1      | Gained mutation: You sometimes gain a little power by taking damage. [demonic ancestry]
   383 | D:1      | Reached XP level 2. HP: 17/19 MP: 1/6
  1062 | D:1      | Reached XP level 3. HP: 24/24 MP: 4/7
  1500 | D:2      | Noticed Terence
  2363 | D:3      | Reached skill level 4 in Conjurations
  2363 | D:3      | Reached XP level 4. HP: 30/30 MP: 2/9
  2564 | D:3      | Found a sparkling altar of Nemelex Xobeh.
  3333 | D:4      | Found Usedeemp's Antique Armour Boutique.
  3351 | D:4      | Bought an embroidered robe for 18 gold pieces
  3363 | D:4      | Gained mutation: You sometimes gain power by taking damage. [demonic ancestry]
  3363 | D:4      | Reached XP level 5. HP: 35/35 MP: 4/11
  3380 | D:4      | Found a staircase to the Ecumenical Temple.
  3387 | Temple   | Entered the Ecumenical Temple
  3445 | Temple   | Became a worshipper of Vehumet
  3470 | D:4      | Reached skill level 5 in Conjurations
  3573 | D:4      | Learned a level 3 spell: Conjure Flame
  3577 | D:4      | Learned a level 3 spell: Mephitic Cloud
  3662 | D:4      | Found a sand-covered staircase.
  3668 | Ossuary  | Entered an ossuary
  4313 | Ossuary  | Reached skill level 6 in Conjurations
  4356 | Ossuary  | Reached XP level 6. HP: 41/41 MP: 6/12
  4720 | D:4      | Acquired Vehumet's first power
  4720 | D:4      | Offered knowledge of Sandblast by Vehumet.
  4906 | D:4      | Noticed an ogre
  4917 | D:4      | Killed an ogre
  4917 | D:4      | Reached skill level 7 in Conjurations
  5461 | D:4      | Reached XP level 7. HP: 46/46 MP: 5/15
  5596 | D:4      | Bought a runed buckler for 121 gold pieces
  5600 | D:4      | Bought a crude robe for 153 gold pieces
  5606 | D:4      | Identified the +0 robe "Ghitoha" {rElec rF++ MR+ Curse} (You bought it in a shop on level 4 of the Dungeon)
  5627 | D:5      | Entered Level 5 of the Dungeon
  5838 | D:5      | Reached skill level 1 in Shields
  6235 | D:6      | Noticed chei's ghost (experienced OpMo)
  6243 | D:5      | Reached skill level 5 in Spellcasting
  6516 | D:6      | Found a shattered altar of Ashenzari.
  6607 | D:6      | Gained mutation: You have a pair of small antennae on your head. [demonic ancestry]
  6607 | D:6      | Reached XP level 8. HP: 52/52 MP: 12/20
  6746 | D:6      | Reached skill level 8 in Conjurations
  7051 | D:5      | Offered knowledge of Freeze by Vehumet.
  7778 | D:6      | Reached skill level 9 in Conjurations
  9338 | D:7      | Offered knowledge of Dazzling Spray by Vehumet.
  9357 | D:7      | Gained mutation: A weak demonic guardian rushes to your aid. [demonic ancestry]
  9357 | D:7      | Reached XP level 9. HP: 49/57 MP: 18/24
  9358 | D:7      | Quit the game

Action                   |  1- 3 |  4- 6 |  7- 9 || total
-------------------------+-------+-------+-------++-------
Melee: Unarmed           |    13 |     3 |       ||    16
       Whip              |       |     4 |     3 ||     7
       Dagger            |       |       |    28 ||    28
 Cast: Magic Dart        |   125 |   237 |   324 ||   686
       Conjure Flame     |       |     6 |     3 ||     9
       Mephitic Cloud    |       |     2 |     7 ||     9
  Use: Scroll            |       |     1 |     1 ||     2
 Stab: Confused          |       |       |     1 ||     1
